 Dungeon Crawl Stone Soup version 0.19-a0-32-gbfd796a (webtiles) character file.

158 namelastname112 the Conjurer (level 5, -10/38 HPs)
             Began as a Draconian Conjurer on May 3, 2016.
             Mangled by an orc warrior
             ... wielding a cursed -1 dire flail
              (23 damage)
             ... on level 4 of the Dungeon.
             The game lasted 00:04:19 (2511 turns).

namelastname112 the Conjurer (Draconian Conjurer)   Turns: 2511, Time: 00:04:19

Health: -10/38     AC:  7    Str: 10    XL:     5   Next: 16%
Magic:  1/10       EV: 12    Int: 16    God:
Gold:   150        SH:  0    Dex: 12    Spells: 2 memorised, 8 levels left

rFire  . . .     SeeInvis .     c - +1 dagger (venom)
rCold  . . .     Gourm    .     (armour unavailable)
rNeg   . . .     Faith    .     (no shield)
rPois  .         Spirit   .     (helmet restricted)
rElec  .         Dismiss  .     f - +1 cloak
rCorr  .         Reflect  .     (no gloves)
SustAt .         Harm     .     (no boots)
MR     .....                    (no amulet)
Stlth  ++........               (no ring)
                                (no ring)

@: slowed, very slow, not resistant to hostile enchantments, unstealthy
A: unfitting armour, cold-blooded, AC +5
a: no special abilities


You were on level 4 of the Dungeon.
You were not hungry.

You visited 1 branch of the dungeon, and saw 4 of its levels.

You collected 150 gold pieces.

Inventory:

Hand Weapons
 c - a +1 dagger of venom (weapon)
Armour
 f - a +1 cloak (worn)
Scrolls
 e - 3 scrolls of identify {unknown}
 g - a scroll of fear {unknown}
 i - 3 scrolls of immolation {unknown}
 j - a scroll of magic mapping {unknown}
 k - a scroll of recharging {unknown}
 l - a scroll of teleportation {unknown}
 m - a scroll of fog {unknown}
Potions
 d - a potion of agility {unknown}
 n - a potion of brilliance {unknown}
 q - a potion of flight {unknown}
 r - a potion of degeneration {unknown}
 s - a potion of curing {unknown}
Books
 a - a book of Conjurations

   Spells                             Type                      Level
   a - Magic Dart                     Conjuration                  1
   b - Searing Ray                    Conjuration                  2
   c - Dazzling Spray                 Conjuration/Hexes            3
   d - Fulminant Prism                Conjuration/Hexes            4
   e - Iskenderun's Mystic Blast      Conjuration                  4
   f - Iskenderun's Battlesphere      Conjuration/Charms           5
Comestibles
 b - 2 bread rations
 h - 2 beef jerkies
 o - a meat ration


   Skills:
 - Level 1.7 Dodging
 - Level 1.7 Stealth
 + Level 3.7 Spellcasting
 + Level 5.4 Conjurations


You had 8 spell levels left.
You knew the following spells:

 Your Spells              Type           Power        Failure   Level  Hunger
x - Searing Ray           Conj           ###...       3%          2    ##.....
z - Magic Dart            Conj           ###.         1%          1    None


Dungeon Overview and Level Annotations

Branches:
Dungeon (4/15)
 Temple: D:4-7

Altars:
Cheibriados
The Shining One


Innate Abilities, Weirdness & Mutations

Your plain brown scales are hard (AC +5).
Your body does not fit into most forms of armour.
You are cold-blooded and may be slowed by cold attacks.


Message History

The orc wizard is moderately wounded.
The orc wizard hits you but does no damage.
You now have 3/9 mp.
The searing ray hits the orc wizard.
The orc wizard is severely wounded.
The orc wizard barely misses you.
The orc wizard points at you and mumbles some strange words.
You feel yourself slow down.
You now have 2/9 mp.
The searing ray hits the orc wizard.
You kill the orc wizard!
You have reached level 5!
The searing ray hits the orc warrior.
The orc warrior is heavily wounded.
The orc warrior closely misses you.
You regained 2 hp, and now have 13/38 hp.
You now have 1/10 mp.
The orc warrior hits you with an enchanted dire flail!!
Ouch! That really hurt!
You die...

#ยง# #.......## ##.# ###
##o###........####..#....
##...##.......#.##.........
#.....#......###...........
#.....#.....## ##.....#####
#.....#......###..##..#
##.o.########.#.#.#...#
####.##########.##.#.#.#
#........o).o@.###.# .#
#.##.##..#####.# #.. .#
#.##.##..#####.#####.#
#.##.................#
#.#####..#####.######..
#.#####........#
#.......######## #########


You could see an orc warrior and an orc.

Vanquished Creatures
  An orc wizard (D:4)
  3 gnolls (D:3)
  3 adders
  3 worms
  2 dart slugs (D:1)
  A giant gecko (D:1)
  3 orcs (D:3)
  3 giant cockroaches
  12 goblins
  5 hobgoblins
  6 kobolds
  3 quokkas
  A ball python (D:1)
  5 bats
  7 rats
58 creatures vanquished.

Notes
Turn   | Place    | Note
--------------------------------------------------------------
     0 | D:1      | namelastname112 the Draconian Conjurer began the quest for the Orb.
     0 | D:1      | Reached XP level 1. HP: 14/14 MP: 3/3
   271 | D:1      | Reached XP level 2. HP: 5/20 MP: 3/5
   279 | D:1      | Learned a level 2 spell: Searing Ray
   872 | D:1      | Reached XP level 3. HP: 26/26 MP: 4/6
  1747 | D:3      | Reached XP level 4. HP: 33/33 MP: 3/8
  1840 | D:3      | Reached skill level 5 in Conjurations
  2032 | D:3      | Found a glowing golden altar of the Shining One.
  2032 | D:3      | Found a snail-covered altar of Cheibriados.
  2486 | D:4      | Noticed an orc warrior
  2509 | D:4      | Reached XP level 5. HP: 13/38 MP: 2/10
  2511 | D:4      | Mangled by an orc warrior

Vault maps used:
D:1:      dpeg_arrival_rooms_a, minivault_25
D:2:      first_bread
D:3:      gammafunk_temple_overflow_elements
D:4:      lemuel_doored_altar, tgw_xom, minmay_temple_entry_trees,
          kennysheep_generic_room_7

Skill      XL: |  1  2  3  4 |
---------------+-------------+-----
Spellcasting   | 3 |  3.7
Conjurations   | 5 |  5.4
Dodging        | |  1.7
Stealth        | |  1.7

Action                   |  1- 3 |  4- 6 || total
-------------------------+-------+-------++-------
Melee: Dagger            |    17 |    11 ||    28
       Tailslap          |     2 |     2 ||     4
 Cast: Magic Dart        |    59 |    35 ||    94
       Searing Ray       |     4 |     6 ||    10
  Eat: Chunk             |     3 |     3 ||     6
Armor: Skin              |     5 |     9 ||    14
Dodge: Dodged            |    13 |    13 ||    26
